Cogmind - Beta 17 @@@ ROGUE MODE // 2026.07.05 @ 16:19:55 Player: Petvaria Result: Destroyed by UO-SDZ(R) with Subdweller Beam Cannon Performance ------------- Evolutions (0) 0 Regions Visited (2) 400 Robots Destroyed (23) 115 Value Destroyed (709) 709 Prototype IDs (1) 20 Alien Tech Used (0) 0 Bonus (5900) 5900 TOTAL SCORE: 7144 Bonus ------- Prayed to X0-1V1 5000 Major X0-1V1 Interference 900 Cogmind --------- Core Integrity 0/250 Matter 110/300 Energy 200/200 System Corruption 0% Temperature Cool (9) Movement Walking (680) Ox8 Location -10/Subcaves Parts ------- > --- POWER (1) -------- Subdweller Power Source > --- PROPULSION (2) --- Aluminum Leg Wheel > --- UTILITY (2) ------ Huge Storage Unit > --- WEAPON (2) ------- (None) > --- INVENTORY (25) --- Light Ion Engine Wheel Machine Analyzer Seismic Detector X0-1V1's Piety Tracker Scrap Shield Fragment (49) Scrap Shield Fragment (46) Scrap Shield Fragment (41) Peak State ------------ > --- POWER ------------ Ion Engine > --- PROPULSION ------- Light Treads Light Treads > --- UTILITY ---------- Huge Storage Unit X0-1V1's Piety Tracker > --- WEAPON ----------- Assault Rifle Assault Rifle > --- INVENTORY -------- Ion Engine Light Ion Engine Light Treads Aluminum Leg Aluminum Leg Wheel Wheel Seismic Detector Light Armor Plating Light Armor Plating Light Armor Plating Assault Rifle Assault Rifle Light Assault Rifle [Rating: 20] Favorites ----------- Power Ion Engine Engine Ion Engine Propulsion Light Treads Treads Light Treads Leg Aluminum Leg Wheel Wheel Utility Huge Storage Unit Device Seismic Detector Storage Huge Storage Unit Protection Light Armor Plating Weapon Assault Rifle Ballistic Gun Assault Rifle Ballistic Cannon Battle Cannon Build | -11 -10 -10 ------- Run | Yrd Mat Sub Slots Evolved . | . . . Power . | . . . Propulsion . | . . . Utility . | . . . Weapon . | . . . Parts Attached 27 | 7 6 14 Power 4 | 1 1 2 Engine 4 | 1 1 2 Core . | . . . Reactor . | . . . Propulsion 8 | 2 . 6 Treads 3 | 2 . 1 Leg 2 | . . 2 Wheel 3 | . . 3 Hover . | . . . Flight . | . . . Utility 7 | 2 3 2 Device 2 | 1 1 . Storage 2 | 1 1 . Processor . | . . . Hackware . | . . . Protection 3 | . 1 2 Artifact . | . . . Weapon 8 | 2 2 4 Energy Gun . | . . . Energy Cannon . | . . . Ballistic Gun 7 | 2 2 3 Ballistic Cannon 1 | . . 1 Launcher . | . . . Special Weapon . | . . . Impact Weapon . | . . . Slashing Weapon . | . . . Piercing Weapon . | . . . Special Melee Weapon . | . . . Unidentified Prototypes 1 | . 1 . Parts Lost 18 | . 2 16 Power 3 | . 1 2 Propulsion 5 | . . 5 Utility 3 | . . 3 Weapon 7 | . 1 6 Highest Loss Streak 6 | . 1 6 To Critical Strikes . | . . . Average Backups 10 | 4 10 11 Power . | . . 1 Propulsion 3 | 2 4 3 Utility 2 | . 2 3 Weapon 2 | . 3 2 Tool/Special . | . . . Unused Backups 3 | . . 3 Power 1 | . . 1 Propulsion . | . . . Utility 2 | . . 2 Weapon . | . . . Tool/Special . | . . . Average Slot Usage (%) 98 | . 99 96 Engine 13 | . 14 13 Treads 23 | . 27 13 Leg 1 | . . 5 Wheel 2 | . . 8 Device 7 | . 10 . Storage 14 | . 14 14 Protection 6 | . 3 12 Ballistic Gun 25 | . 27 18 Ballistic Cannon 2 | . . 8 Peak Build Rating 20 | 7 20 20 Average Rating 8 | 5 7 9 On Entrance 9 | . 7 20 Avg Prop Armor Cover (%) 6 | . . 6 Naked Turns . | . . . Heaviest Build 93 | 13 92 93 Greatest Support 40 | 40 40 40 Greatest Overweight (x) 9 | . 2 9 Average Overweight (x) 2 | . 1 6 Largest Inventory Capacity 25 | 8 25 25 Average Capacity 21 | 7 22 25 Most Carried 15 | 7 14 15 Average Carried 10 | 4 10 12 Final Capacity 25 | 8 25 25 Final Carried 14 | 6 14 8 Class Distribution -------------------- 100% | Mutant Dominant Class ---------------- Mutant | -10/Materials Mutant | -10/Subcaves Resources | -11 -10 -10 ----------- Run | Yrd Mat Sub Matter Collected 763 | 288 192 283 Remotely . | . . . Salvage Created 915 | 103 492 320 Parts 50 | 7 24 19 Haulers Intercepted 1 | . 1 . Recyclers Shooed 2 | . 2 . Parts Field Recycled . | . . . Retrieved Matter . | . . . Parts Self-Destructed 28 | . . 28 Prevented . | . . . Parts Restored . | . . . Kills | -11 -10 -10 ------- Run | Yrd Mat Sub Combat Hostiles Destroyed 18 | . 8 10 Guns 14 | . 8 6 Cannons 4 | . . 4 Classes Destroyed 5 | 2 2 1 Tunneler 2 | 2 . . Hauler 1 | . 1 . Recycler 2 | 1 1 . Grunt 13 | . 8 5 Subdweller 5 | . . 5 Best Kill Streak 4 | 2 2 4 Combat Bots Only 4 | . 2 4 Max Kills in Single Turn 1 | 1 1 1 Gunslinging . | . . . Exploded . | . . . Melee . | . . . Uniques/NPCs Destroyed . | . . . Combat | -11 -10 -10 -------- Run | Yrd Mat Sub Hostile Shots Fired 190 | . 47 143 Missed 44 | . 7 37 Hits 146 | . 40 106 Projectile 146 | . 40 106 Critical Strikes 2 | . 1 1 Damage Taken 2428 | . 537 1891 Core 403 | . 78 325 Absorbed by Shields . | . . . Regen/Repaired (Parts) 62 | . 62 . Core Remaining (%) 100 | 100 . . Volleys Fired 115 | 9 48 58 Largest 2 | 2 2 2 Hottest 53 | 40 40 53 Shots Fired 219 | 18 95 106 Gun 183 | 18 95 70 Cannon 36 | . . 36 Launcher . | . . . Special . | . . . Kinetic 219 | 18 95 106 Thermal . | . . . Explosive . | . . . Electromagnetic . | . . . Robot Hit Streak 13 | 4 11 13 Robot Miss Streak 3 | 2 3 3 Penetration Max . | . . . Secondary Targets 4 | . . 4 Max Gunslinging Chain 1 | . . 1 Shots Hit Robots 161 | 11 70 80 Core Hits 54 | 5 29 20 Critical Kills . | . . . Critical Parts Destroyed . | . . . Critical Strikes . | . . . Melee Attacks . | . . . Impact . | . . . Slashing . | . . . Piercing . | . . . Sneak Attacks . | . . . Combat Hostiles . | . . . Follow-up Attacks . | . . . Damage Inflicted 1943 | 98 675 1170 Guns 1351 | 98 647 606 Cannons 546 | . . 546 Explosions . | . . . Melee . | . . . Ramming 46 | . 28 18 Kinetic 1897 | 98 647 1152 Thermal . | . . . Explosive . | . . . Electromagnetic . | . . . Impact . | . . . Slashing . | . . . Piercing . | . . . Highest Corruption . | . . . Average Corruption . | . . . Corruption Purged . | . . . Corruption Blocked . | . . . Overload Shots . | . . . Overflow Damage . | . . . Projectiles . | . . . Explosions . | . . . Melee . | . . . Knockbacks 9 | . . 9 Impact . | . . . Kinetic 9 | . . 9 Secondary . | . . . Self-Inflicted Damage 7 | . . 7 Shots . | . . . Rammed 9 | . 6 3 Targets Rammed 10 | . 6 4 Kicked 1 | . . 1 Crushed . | . . . Highest Temperature 42 | . 42 10 Average Temperature 13 | . 13 6 Received Heat Transfer 1047 | . 327 720 Siege Activations . | . . . Martial Activations . | . . . Shielding Activations . | . . . Robots Disrupted . | . . . Combat Hostiles . | . . . Robots Corrupted . | . . . Combat Hostiles . | . . . Parts Fried . | . . . Impact Corruptions . | . . . Robots Melted . | . . . Combat Hostiles . | . . . Parts Melted . | . . . Heat Transferred . | . . . Parts Sabotaged . | . . . Parts Stolen . | . . . Parts Stripped . | . . . Power Chain Reactions . | . . . Alert | -11 -10 -10 ------- Run | Yrd Mat Sub Maximum Alert Level . | . . . Low Security (%) 100 | 100 100 . Level 1 . | . . . Level 2 . | . . . Level 3 . | . . . Level 4 . | . . . Level 5 . | . . . High Security . | . . . Max Security . | . . . Peak Influence 50 | 10 50 . Initial . | . . . Average 7 | . 8 . Influence Increases 365 | 15 250 100 Destroy 0b10 Robot/C 260 | . 160 100 Destroy 0b10 Robot/NC 25 | 15 10 . Destroy Leader 42 | . 42 . Successful Hack 37 | . 37 . Destroy Structure 1 | . 1 . Influence Decreases 365 | 15 250 100 Time Decay 305 | 15 230 60 Lost Part 60 | . 20 40 Squads Dispatched 2 | . 2 . Investigation 1 | . 1 . Extermination . | . . . Reinforcement 1 | . 1 . Assault . | . . . Garrison . | . . . Intercept . | . . . Searches Triggered . | . . . Construction Impeded . | . . . Haulers Reinforced . | . . . Active Scanning Responses . | . . . Cargo Convoy Interrupts . | . . . Stealth | -11 -10 -10 --------- Run | Yrd Mat Sub Distress Signals 1 | . 1 . Communications Jammed . | . . . Distress Signals . | . . . Times Spotted 30 | . 17 13 Peak Tracking Total 5 | . 5 5 Tactical Retreats . | . . . Traps | -11 -10 -10 ------- Run | Yrd Mat Sub Traps Triggered . | . . . Indirectly . | . . . Trap Hack Attempts . | . . . Triggered . | . . . Disarmed . | . . . Reprogrammed . | . . . Reused . | . . . Traps Extracted . | . . . Installed . | . . . Triggered . | . . . Machines | -11 -10 -10 ---------- Run | Yrd Mat Sub Machines Disabled . | . . . Max in Single Turn . | . . . Machines Repaired . | . . . Machines Dismantled . | . . . Machines Sabotaged . | . . . Overloaded Fab Kills . | . . . Hacking | -11 -10 -10 --------- Run | Yrd Mat Sub Machines Accessed 7 | . 7 . Terminals 6 | . 6 . Fabricators . | . . . Repair Stations 1 | . 1 . Recycling Units . | . . . Scanalyzers . | . . . Garrison Access . | . . . Total Hacks 16 | . 16 . Successful 8 | . 8 . Failed 8 | . 8 . Catastrophic . | . . . Database Lockouts . | . . . Manual 16 | . 16 . Terminals 14 | . 14 . Fabricators . | . . . Repair Stations 2 | . 2 . Recycling Units . | . . . Scanalyzers . | . . . Garrison Access . | . . . Terminal Hacks 1 | . 1 . Part Schematic 1 | . 1 . Fabricator Hacks . | . . . Repair Station Hacks 2 | . 2 . Scan Component 1 | . 1 . Repair 1 | . 1 . Recycling Unit Hacks . | . . . Scanalyzer . | . . . Garrison Access Hacks . | . . . Unauthorized Hacks 5 | . 5 . Terminals 5 | . 5 . Botnet 5 | . 5 . Fabricators . | . . . Repair Stations . | . . . Recycling Units . | . . . Scanalyzers . | . . . Garrison Access . | . . . Data Cores Recovered . | . . . Used . | . . . Hacking Detections 6 | . 6 . Full Trace Events 1 | . 1 . Feedback Events . | . . . Feedback Blocked . | . . . Robot Schematics Acquired . | . . . Robots Built . | . . . Authchips . | . . . Time . | . . . Total Robot Build Rating . | . . . Part Schematics Acquired 1 | . 1 . Parts Built . | . . . Authchips . | . . . Time . | . . . Total Part Build Rating . | . . . Part Studies Acquired . | . . . Parts Repaired 1 | . 1 . Time 13 | . 13 . Parts Recycled . | . . . Recycled Matter . | . . . Retrieved Matter . | . . . Retrieved Components . | . . . Parts Scanalyzed . | . . . Part Schematics Acquired . | . . . Parts Damaged . | . . . Bothacking | -11 -10 -10 ------------ Run | Yrd Mat Sub Used RIF Installer . | . . . Robots Hacked . | . . . Non-combat . | . . . Combat . | . . . Robot Hacks Applied . | . . . Relay Couplers Released . | . . . Fabnet Peak Effective % . | . . . Robots Rewired . | . . . Allies Hacked . | . . . Hacks Repelled . | . . . Allies | -11 -10 -10 -------- Run | Yrd Mat Sub Total Allies . | . . . Largest Group . | . . . Highest-Rated Group . | . . . Highest-Rated Ally . | . . . Total Orders . | . . . Ally Attacks . | . . . Total Damage . | . . . Kills . | . . . Allies Corrupted . | . . . Allies Melted . | . . . X0-1V1 Amusement Gains 23 | . 3 20 Good Acts 1 | . . 1 Bad Acts 5 | . . 5 Intel | -11 -10 -10 ------- Run | Yrd Mat Sub Active Infowar (turns) 1306 | 68 1238 . Seismic 1306 | 68 1238 . Robot Analysis Total . | . . . Derelict Logs Recovered . | . . . Drone Launches . | . . . Drone Recoveries . | . . . Exploration | -11 -10 -10 ------------- Run | Yrd Mat Sub Turns Passed 2496 | 183 1653 660 Spaces Moved 784 | 101 508 175 Core 19 | 19 . . Treads 641 | 82 508 51 Legs . | . . . Wheels 124 | . . 124 Hover . | . . . Flight . | . . . Fastest Speed 50 | 50 160 200 Average Speed 256 | 139 283 246 Slowest Speed 480 | 160 320 480 Overloaded Moves . | . . . Propulsion Burnouts . | . . . Robots Hopped . | . . . Potential Cave-ins . | . . . Cave-ins Triggered . | . . . Exploration Rate (%) 33 | 5 80 15 Regions Visited 2 Branch Regions 1 Pre-discovered Areas . | . . . Known Exits Taken . | . . . Unknown Exits Taken 2 | 1 1 . Scrap Searched . | . . . Spaces Dug . | . . . Terrain Destroyed . | . . . Melee . | . . . Projectile . | . . . AOE . | . . . Terrain Rammed . | . . . Walls Destroyed . | . . . Machines Disabled . | . . . Actions | -11 -10 -10 --------- Run | Yrd Mat Sub Total 1043 | 129 626 288 Wait 70 | . 45 25 Move 782 | 100 507 175 Hop . | . . . Pick Up 32 | 13 11 8 Fast Attach . | . . . Attach 23 | 7 3 13 Detach . | . . . Swap 9 | . 4 5 Drop 2 | . 2 . Fire 115 | 9 48 58 Melee . | . . . Ram 3 | . . 3 Kick 1 | . . 1 Crush 6 | . 6 . Escape Stasis . | . . . Rewire . | . . . Trap . | . . . Miscellaneous . | . . . Route ------- -11/Scrapyard -10/Materials (discovered 5 exits: [*Mat x2] / [*Min x2] / [*Sub]) -10/Subcaves History --------- Turn | Location | Event 8 | -11/Scrapyard | Discovered new exit (range 16) 184 | -11/Scrapyard | Entered Materials 318 | -10/Materials | Build established: Mutant 686 | -10/Materials | Discovered new exit (range 9) 811 | -10/Materials | Discovered new exit (range 16) 988 | -10/Materials | Discovered new exit (range 16) 1068 | -10/Materials | Repaired Lgt. Treads 1277 | -10/Materials | Discovered new exit (range 16) 1629 | -10/Materials | Discovered new exit (range 6) 1828 | -10/Materials | Prayed at D.C.S.S. Altar Unit 1837 | -10/Materials | Entered Subcaves 1838 | -10/Subcaves | Shifting Twisted Machinery released Sub. Optics 1838 | -10/Subcaves | Approached by a straggling Scientist 1839 | -10/Subcaves | Shifting Twisted Machinery released Flamer 1839 | -10/Subcaves | Shifting Twisted Machinery released Battle Cannon 1885 | -10/Subcaves | Core integrity fell below 50% 2011 | -10/Subcaves | Shifting Twisted Machinery released Sub. Power Source 2207 | -10/Subcaves | X0-1V1 sent you into danger 2232 | -10/Subcaves | Core integrity fell below 20% 2252 | -10/Subcaves | X0-1V1 sent hostile G-34 Mercenary (x5) 2260 | -10/Subcaves | Lost 4 parts (2n1u1w) 2306 | -10/Subcaves | X0-1V1 rescued you from certain death 2323 | -10/Subcaves | Lost 4 parts (1n1u2w) 2497 | -10/Subcaves | Destroyed by UO-SDZ(R) with Subdweller Beam Cannon Last Messages --------------- Acquired 35 matter. X0-1V1 takes a morbid interest in your temporary survival. Core integrity partially restored (125). The surroundings shift and blur. Ranged accuracy returns to normal. 71-DT4(R) destroyed. Acquired 55 matter. Acquired Sub. Power Source. Acquired Scrap Shield Fragment. Assault Rifle destroyed. Lgt. Armor Plating destroyed. Ion Engine destroyed. Lgt. Assault Rifle destroyed. X0-1V1 is amused. Slammed into UO-SDZ(R). Aluminum Leg destroyed. Slammed into UO-SDZ(R). Kicked UO-SDZ(R). X0-1V1 howls with laughter! Map ----- +----------------------------------------------------+ | ????????????????????????????????????????## #? | | ???????????????????##???????###??????#### ## | | ??????????????????## ?????### ###?#### # | | ????????????????### ????## ### ## | | ???????????????## ????# ## #? | | ???????????????# ????# #######? | | ???????????????# ##?## ######??????? | | ????????????????# ### #####???????????? | | ??????????####### ! ### ##???????????????? | | ??????????# " #?###????????????????? | | ??????????### #### ##???????????????????? | | ????????????####" ""###??## #####???????????????? | | ???????????????##"""??????# ####????????????? | | ???????????????#"""???????## ##???????????? | | ???????????????"#"?????????# " ??????? | | ????????????????????????#### ## ????? | | ????????????????????????# ## ##??### ####?????? | | ???????????????????????## ##???????##????????? | | ??????????????????????## ##????????????????? | | ??????????????????????# ####?????????????? | | ??????????????????????# ##????????????? | | ??????????????????????# #????????????? | | ??????????????????????# ## ????????? | | ????????????????###???# ###? ### #????????? | | ???????????????## ##?##R ##??? ####????#????????? | | ???????????????# ## @##??? #????????????????? | | ???????????????# ## #??? ????????????????? | | ???????????????# ## #????#????????????????? | | ?????????# #### #?????????????????????? | | ????????# ##?????????????????????? | | ????????# ;#?????????????????????? | | ???????# ## ##?????????????????????? | | ????????# #####??????????????????????? | | ????????# ### ???????????????????????????? | | ????????# ???# ???????????????????????????? | | ????????? #????# ???????????????????????????? | | ????????? ??????# ????????????????????????????? | | ??????????? ???????##????????????????????????????? | | ?????????????????????????????????????????????????? | | ?????????????????????????????????????????????????? | | ?????????????????????????????????????????????????? | | ?????????????????????????????????????????????????? | | ?????????????????????????????????????????????????? | | ?????????????????????????????????????????????????? | | ?????????????????????????????????????????????????? | | ?????????????????????????????????????????????????? | | ?????????????????????????????????????????????????? | | ?????????????????????????????????????????????????? | | ?????????????????????????????????????????????????? | | ?????????????????????????????????????????????????? | +----------------------------------------------------+ Best States ------------- Heat Dissipation 25 Energy Generation 15 Energy Capacity 250 Matter Stores 300 Matter Capacity 300 Sight Range 16 Terrain Scan Density 10 Armor Coverage 150 Evasion (%) 50 Recoil Reduction 2 Item Schematics ----------------- Huge Storage Unit | -10/Materials | Hacked Robot Schematics ------------------ None Fabricated ------------ Nothing Repaired ---------- Lgt. Treads | 55% | -10/Materials Studied --------- None Alien Tech Used ----------------- None Achievements -------------- None Challenges ------------ None Game ------ Seed RemoteGaussAutopenetrator Manual? 0 Play Time 00:13:39 Cumulative 484.1 hours Start 2026.07.05 @ 16:07:37 End 2026.07.05 @ 16:19:55 Sessions 1 Manual Loads 0 Difficulty Rogue Special Mode None Game No. 293 Rogue 293 Adventurer 0 Explorer 0 Win Type - Total 32 Types 16/1/7/2/1/1/1/1/0/2 Lore% 95 Gallery% 91 Achievement% 82 Wizard Run 0 Options --------- Layout 1 ASCII 0 Keyboard 0 Movement Numpad Keybinds 0 Fullscreen 1 Font 24/Proggy Map View 50x35 Zoom Use 0% Tactical HUD 0 Map Filters NONE Filters NONE Steam 1 RUN: 649cf707-a06a-4285-a178-bad84fcd8ea2